 Dungeon Crawl Stone Soup version 0.31-a0-115-g4708a659fe (webtiles) character file.

Game seed: 4659987662714524345

33 senseless the Conjurer (level 3, -6/26 HPs)
             Began as a Demigod Conjurer on May 29, 2023.
             Mangled by an iguana (12 damage)
             ... on level 2 of the Dungeon.
             The game lasted 00:02:36 (1029 turns).

senseless the Conjurer (Demigod Conjurer)           Turns: 1029, Time: 00:02:38

Health: -6/26      AC:  2    Str:  8    XL:     3   Next: 0%
Magic:  3/9        EV: 12    Int: 24    God:
Gold:   35         SH:  0    Dex: 12    Spells: 5/6 levels left

rFire   . . .        e - +0 short sword
rCold   . . .        (no shield)
rNeg    . . .        a - +0 robe
rPois   .            (no helmet)
rElec   .            (no cloak)
rCorr   .            (no gloves)
SInv    .            (no boots)
Will    .....        (no amulet)
Stlth   ++           (no ring)
HPRegen 0.24/turn    (no ring)
MPRegen 0.11/turn

%: no passive effects
@: very slightly contaminated
A: high MP 1, forlorn, divine attributes
a: no special abilities


You were on level 2 of the Dungeon.
You visited 1 branch of the dungeon, and saw 2 of its levels.

You collected 35 gold pieces.

Inventory:

Hand Weapons
 e - a +0 short sword (weapon)
Armour
 a - a +0 robe (worn)
Scrolls
 f - a scroll of fear {unknown}
 g - 2 scrolls of fog {unknown}
 h - 2 scrolls of identify {unknown}
 i - a scroll of silence {unknown}
Potions
 b - a potion of magic
 c - a potion of degeneration {unknown}
 d - a potion of lignification {unknown}


   Skills:
 + Level 2.4 Dodging
 - Level 1.7 Stealth
 + Level 2.2 Spellcasting
 + Level 3.9 Conjurations


You had 5 spell levels left.
You knew the following spells:

 Your Spells              Type           Power      Damage    Failure   Level
a - Magic Dart            Conj           84%        1d7       2%          1

Your spell library contained the following spells:

 Spells                   Type           Power      Damage    Failure   Level
 Searing Ray              Conj           42%        2d6       3%          2
 Shock                    Conj/Air       48%        1d6       5%          1
 Dazzling Flash           Conj/Hex       24%        N/A       16%         3
 Poisonous Vapours        Pois/Air       4%         N/A       19%         2
 Mephitic Cloud           Conj/Pois/Air  9%         N/A       21%         3
 Swiftness                Air            2%         N/A       34%         3
 Fulminant Prism          Conj/Hex       6%         3d7       45%         4
 Iskenderun's Mystic Bla  Conj/Tloc      12%        2d5       45%         4
 Airstrike                Air            1%         2d(1-17)  75%         4
 Freezing Cloud           Conj/Ice/Air   4%         6-21      88%         5


Dungeon Overview and Level Annotations

Branches:
Dungeon (2/15)


Innate Abilities, Weirdness & Mutations

You have an increased reservoir of magic. (+10% MP)
You shall have no god before yourself.
Your divine heritage dramatically boosts your attributes as you level up.


Message History

You see here a +0 leather armour.
You enter the shallow water.
Moving in this stuff is going to be slow.
Done exploring.
There is a stone staircase leading down here.
Search for what [? for help]? .
You climb downwards.
Found 3 scrolls labelled BIQIYBRIVAV.
There is a stone staircase leading up here.
An iguana comes into view.
The magic dart hits the iguana but does no damage.
The iguana hisses angrily.
The magic dart hits the iguana.
The iguana is moderately wounded.
The magic dart hits the iguana but does no damage.
The iguana is moderately wounded.
The magic dart hits the iguana.
The iguana is heavily wounded.
The magic dart hits the iguana but does no damage.
The iguana is heavily wounded.
The iguana bites you!
Ouch! That really hurt!
You are too injured to fight recklessly!
You hit the iguana but do no damage.
The iguana is heavily wounded.
The iguana bites you but does no damage.
You barely miss the iguana.
The iguana is heavily wounded.
The iguana bites you!
* * * LOW HITPOINT WARNING * * *
You are too injured to fight recklessly!
Casting: Magic Dart (safe; 2% risk of failure)
Confirm with . or Enter, or press ? or * to list all spells.
Aiming: Magic Dart (safe; 2% risk of failure)
Press: ? - help, Shift-Dir - straight line, f/p - iguana
Aim: an iguana (heavily wounded, 100% to hit)
You miscast Magic Dart.
You are very lightly contaminated with residual magic.
Nothing appears to happen.
The iguana bites you!
You die...

#.. #.# #.# ##
#.#
...####.#######
...............
............##
#?.....@l....#
#.##.##<###..#
#.# #.. P...
....# PP♣..# ..
♣.. ..P ...


You could see an iguana.

Vanquished Creatures
  A gnoll (D:1)
  4 bats (D:1)
  An endoplasm (D:1)
  2 giant cockroaches (D:1)
  A goblin (D:1)
  5 hobgoblins (D:1)
  2 quokkas (D:1)
  3 kobolds (D:1)
  A rat (D:1)
20 creatures vanquished.

Notes
Turn   | Place    | Note
-------+----------+-------------------------------------------
     0 | D:1      | senseless the Demigod Conjurer began the quest for the Orb.
     0 | D:1      | Reached XP level 1. HP: 14/14 MP: 5/5
   265 | D:1      | Reached XP level 2. HP: 20/20 MP: 1/7
   919 | D:1      | Reached XP level 3. HP: 26/26 MP: 6/9
  1029 | D:2      | Mangled by an iguana

Illustrated notes

Levels and vault maps discovered:
D:1:      saegor_arrival_simple_a, layout_rooms, chequers_serial_rivers_micro_b,
          hangedman_glass_teeth, roderic_serpentine_path,
          kennysheep_another_room, skrybe_limestone_x
D:2:      layout_loops_ring, serial_forest, infiniplex_forest_straight_2,
          infiniplex_forest_straight_2, infiniplex_forest_corner_2,
          infiniplex_forest_clump_curved, infiniplex_forest_zigzag_1,
          infiniplex_forest_zigzag_2, infiniplex_forest_zigzag_2, serial_shops,
          nicolae_shop_window_shopping, shapermc_ecumenical_altar_petra

Skill      XL: |  1 |
---------------+----+-----
Dodging        | 2 |  2.4
Spellcasting   | 2 |  2.2
Stealth        | |  1.7
Conjurations   | |  3.9

Action                     || total
---------------------------++-------
  Melee: Unarmed           ||     4
         Short sword       ||     3
   Cast: Magic Dart        ||    44
 Armour: Robe              ||     2
  Dodge: Dodged            ||     6

Table legend: (Time is in decaauts)
 A = Elapsed time spent in this place.
 B = Non-inter-level travel time spent in this place.
 C = Inter-level travel time spent in this place.
 D = Time resting spent in this place.
 E = Time spent auto-exploring this place.
 F = Levels seen in this place.
 G = Mean time per level.
                   A        B        C        D        E       F      G
               +--------+--------+--------+--------+--------+-----+--------+
         Total |   1029 |   1021 |      8 |      2 |    895 |   2 |  514.5 |
       Dungeon |   1029 |   1021 |      8 |      2 |    895 |   2 |  514.5 |
               +--------+--------+--------+--------+--------+-----+--------+

Top non-repeatable levels by time:
     D:1: 1020 daAuts
     D:2: 8 daAuts
